[Event "*** MasterClass Titled Tuesday Blitz"]
[Site "Chess.com"]
[Date "2017.10.03"]
[Round "3"]
[White "catalin009"]
[Black "visa"]
[Result "1-0"]
[WhiteElo "2354"]
[BlackElo "2172"]
[TimeControl "180+2"]
[EndTime "13:35:28 PDT"]
[Termination "catalin009 won on time"]

1. Nf3 b6 2. g3 Bb7 3. Bg2 f5 4.
O-O Nf6 5. c4 e6 6. d3 Be7 7. Nc3 O-O 8. Qc2 d6 9. e4 h6 10. Nd4 Qc8 11. exf5 Bxg2 12. Kxg2 exf5 13. Qe2 Rf7 14. Qf3 c5 15. Qxa8 cxd4 16. Nd5 Bf8 17. Bd2 Ne8 18. Rae1 g5 19. f4 g4 20. Re2 Nc7 21. Nxc7 Qxc7 22. Re8 1-0

[Event "*** MasterClass Titled Tuesday Blitz"]
[Site "Chess.com"]
[Date "2017.10.03"]
[Round "3"]
[White "calemcc"]
[Black "Quiet_Desperation"]
[Result "1-0"]
[WhiteElo "2192"]
[BlackElo "2314"]
[TimeControl "180+2"]
[EndTime "13:35:28 PDT"]
[Termination "calemcc won by resignation"]

1. d4 Nf6 2. c4 e6 3. Nf3 Bb4+ 4. Nbd2 b6 5. a3 Bxd2+ 6. Qxd2 Bb7 7. b4 O-O 8. Bb2 d6 9. g3 Ne4 10. Qc2 f5 11.
Bg2 Nd7 12. O-O Qe7 13. Rad1 Rab8 14. d5 e5 15. Nd2 Nxd2 16. Rxd2 Nf6 17. Rc1 Rf7 18.
a4 Rbf8 19. e3 Bc8 20. c5 Ne4 21. cxd6 cxd6 22. Bxe4 fxe4 23. Qxe4 Bf5 24. Qc4 Qg5 25. Qc6 Bh3 26. Qxd6 h6 27. Qxe5 Rf5 28. Qe6+ Kh7 29. Qe4 Kh8 30. d6 1-0

[Event "*** MasterClass Titled Tuesday Blitz"]
[Site "Chess.com"]
[Date "2017.10.03"]
[Round "3"]
[White "Semetey"]
[Black "jefferyx"]
[Result "0-1"]
[WhiteElo "2406"]
[BlackElo "2742"]
[TimeControl "180+2"]
[EndTime "13:35:31 PDT"]
[Termination "jefferyx won by resignation"]

1. d4 Nf6 2. Bf4 g6 3. Nc3 d5 4. Qd2 Bg7 5. Bh6 O-O 6. O-O-O c5 7. Bxg7 Kxg7 8. dxc5 Qa5 9. Kb1 Qxc5 10. e3 Nc6 11. Nf3 Rd8 12. Be2 e5 13. h4 Ne4 14. Qe1 Nxc3+ 15. Qxc3 Qxc3 16. bxc3 f6 17. Nd2 Be6 18. Nb3 Rac8 19. Rd2 Ne7 20. Kb2 Nf5 21. g3 Nd6 22. Rhd1 Ne4 23. Bf3 Nxd2 24. Rxd2 Kf7 25. Bg2 Ke7 26.
Rd3 Rc4 27. Nd2 Rc7 28. f4 Rdc8 29. fxe5 fxe5 30. Bxd5 Bxd5 31. Rxd5 Rxc3 32. Ne4 Rxc2+ 33. Kb3 Ke6 34. Rb5 b6 35. g4 h6 36. a4 Re2 37.
Rb4 Rxe3+ 38. Kb2 Rd8 39. a5 Rd4 40. Rxd4 exd4 41. axb6 axb6 42. Nd2 Re2 43. Kc1 Rxd2 44. Kxd2 g5 45. hxg5 hxg5 46. Kd3 Kd5 0-1

[Event "*** MasterClass Titled Tuesday Blitz"]
[Site "Chess.com"]
[Date "2017.10.03"]
[Round "3"]
[White "1stSecond"]
[Black "GrigorGrigorov"]
[Result "0-1"]
[WhiteElo "2614"]
[BlackElo "2719"]
[TimeControl "180+2"]
[EndTime "13:35:34 PDT"]
[Termination "GrigorGrigorov won by resignation"]

1. d4 Nf6 2. c4 e6 3. Nf3 b6 4. g3 Bb7 5. Bg2 Be7 6. O-O O-O 7. Nc3 Ne4 8. Bd2 Bf6 9. Be1 d5 10. Ne5 c5 11. Nxe4 dxe4 12. Bc3 Qc7 13. e3 Rd8 14. Qg4 cxd4 15. exd4 Bxe5 16. dxe5 Qxc4 17. Rfe1 Na6 18. Bxe4 Bxe4 19. Rxe4 Qd3 20. Re3 Qd5 21. h4 Nc5 22. h5 h6 23. b3 Rd7 24. Rae1 Rad8 25. Rf3 a5 26. Kh2 Qc6 27. b4 Nd3 28. Rxd3 Rxd3 29. Ba1 Rd2 30. Kg1 Qc2 31. Qf4 Rd1 0-1

[Event "*** MasterClass Titled Tuesday Blitz"]
[Site "Chess.com"]
[Date "2017.10.03"]
[Round "3"]
[White "MatthewG-p4p"]
[Black "Jungle_Jaguar"]
[Result "0-1"]
[WhiteElo "2593"]
[BlackElo "2383"]
[TimeControl "180+2"]
[EndTime "13:35:44 PDT"]
[Termination "Jungle_Jaguar won by resignation"]

1. c4 e6 2. Nf3 d5 3. g3 Nf6 4.
Bg2 c5 5. O-O Nc6 6. b3 Bd6 7.
Bb2 d4 8. e3 e5 9. exd4 Nxd4 10. h3 O-O 11. Re1 Re8 12. Nc3 Bf5 13. d3 Qd7 14.
Kh2 Rad8 15. Nxd4 exd4 16. Ne2 h6 17. Qd2 Bg6 18. Ng1 b6 19. a3 Qf5 20. Rxe8+ Rxe8 21. Rd1 h5 22. b4 h4 23. bxc5 hxg3+ 24. fxg3 bxc5 25. Bf3 Re3 26. Qg2 Nh5 27. Bc1 Rxd3 28. Bg4 Qe5 29. Rxd3 Bxd3 30. Nf3 Qxg3+ 31. Qxg3 Nxg3 32.
Kg2 Bxc4 33. Ng5 Bd5+ 34. Kg1 f6 35. Nf3 Ne2+ 0-1

[Event "*** MasterClass Titled Tuesday Blitz"]
[Site "Chess.com"]
[Date "2017.10.03"]
[Round "3"]
[White "Kacparov"]
[Black "vanea_03"]
[Result "1-0"]
[WhiteElo "2606"]
[BlackElo "2454"]
[TimeControl "180+2"]
[EndTime "13:35:46 PDT"]
[Termination "Kacparov won by resignation"]

1. e4 e5 2. Nf3 Nc6 3. Nc3 Nf6 4. Bb5 Bb4 5. O-O O-O 6. d3 d6 7. Bg5 Bxc3 8. bxc3 h6 9. Bh4 Qe7 10. Re1 Nd8 11. d4 Bg4 12. h3 Bxf3 13. Qxf3 Ne6 14.
Rad1 g5 15. Bg3 Nf4 16. Bf1 Kh8 17. Qe3 Qe6 18. c4 exd4 19. Qxd4 Qe5 20. Qxe5 dxe5 21. f3 c5 22. Rd6 Kg7 23. Red1 Rfe8 24. a4 Re6 25. Rxe6 fxe6 26. Bf2 b6 27. g3 Ng6 28. a5 Kf7 29. Ra1 Rb8 30. axb6 axb6 31. Ra7+ Ne7 32. c3 Rd8 33. Rb7 Rd6 34. Be3 Nh5 35. Kf2 Ke8 36. Be2 Kd8 37. Rb8+ Nc8 38. Ra8 Kc7 39. Ra1 Kb7 40. Rh1 Nf6 41. h4 g4 42. Bxh6 gxf3 43. Kxf3 Rd3+ 44. Bxd3 1-0

[Event "*** MasterClass Titled Tuesday Blitz"]
[Site "Chess.com"]
[Date "2017.10.03"]
[Round "3"]
[White "nutibara"]
[Black "toad"]
[Result "1-0"]
[WhiteElo "2298"]
[BlackElo "2162"]
[TimeControl "180+2"]
[EndTime "13:35:46 PDT"]
[Termination "nutibara won by resignation"]

1. e4 c5 2. Nf3 d6 3. d4 cxd4 4.
Nxd4 Nf6 5. Nc3 a6 6. Bc4 e6 7. Bb3 Nbd7 8. Bg5 Be7 9. Bxe6 fxe6 10. Nxe6 Qb6 11. Nxg7+ Kf7 12. Nf5 Qxb2 13. Nd5 Bf8 14. O-O Rg8 15. Rb1 Qe5 16. f4 Qxe4 17. Nxf6 Nxf6 18. Nxd6+ Bxd6 19. Qxd6 Qc6 20. Qd4 h6 21. Rb6 Rd8 22. Qxd8 1-0

[Event "*** MasterClass Titled Tuesday Blitz"]
[Site "Chess.com"]
[Date "2017.10.03"]
[Round "3"]
[White "Kawhi_Leonard2"]
[Black "JosephRyan"]
[Result "1-0"]
[WhiteElo "2240"]
[BlackElo "2224"]
[TimeControl "180+2"]
[EndTime "13:35:47 PDT"]
[Termination "Kawhi_Leonard2 won by checkmate"]

1. e4 c6 2. d4 d5 3. Nc3 dxe4 4. Nxe4 Nf6 5. Nxf6+ gxf6 6. c3 Bf5 7. Ne2 Nd7 8.
Ng3 Bg6 9. h4 h5 10. Be2 Qa5 11. a4 e6 12. b4 Qc7 13. Qb3 Bd6 14.
c4 Bxg3 15. fxg3 Be4 16. O-O f5 17. Bf4 Qb6 18. c5 Qd8 19. b5 Bd5 20. Bc4 Nf8 21.
Rae1 Ng6 22. Bd6 Kd7 23. Bxd5 cxd5 24. Qb4 Qc8 25. a5 a6 26. Rb1 Ra7 27. Rb3 axb5 28. Qxb5+ Qc6 29. Rfb1 Rha8 30. Qxc6+ bxc6 31. Rb7+ Rxb7 32.
Rxb7+ Ke8 33. Rc7 Rxa5 34. Rxc6 Ra4 35. Rb6 Rxd4 36. c6 Rc4 37. Rb8# 1-0

[Event "*** MasterClass Titled Tuesday Blitz"]
[Site "Chess.com"]
[Date "2017.10.03"]
[Round "3"]
[White "ruzomberok"]
[Black "EuropeanChampion"]
[Result "1-0"]
[WhiteElo "2368"]
[BlackElo "2176"]
[TimeControl "180+2"]
[EndTime "13:35:49 PDT"]
[Termination "ruzomberok won by checkmate"]

1. d4 Nf6 2. c4 g6 3. Nc3 Bg7 4. e4 d6 5. Nf3 O-O 6. Be2 e5 7. d5 a5 8. Bg5 h6 9. Be3 Ng4 10. Bd2 f5 11. exf5 gxf5 12. h3 Nxf2 13. Kxf2 e4 14. Ng1 Bd4+ 15. Kf1 Qh4 16. Qe1 Qf4+ 17.
Bxf4 Nd7 18. Qd2 Bf6 19. g4 Nc5 20. g5 hxg5 21. Bxg5 Be5 22. Bf4 Bg7 23. h4 Rf6 24. Nh3 Rg6 25. h5 Rg4 26. Bxg4 fxg4 27. Ng5 Bf5 28.
Kg2 Rf8 29. h6 Bf6 30. Ne6 Bxe6 31. dxe6 Nxe6 32. Nxe4 Bxb2 33. h7+ Kf7 34. Qxb2 Nxf4+ 35. Kg3 Ke7 36. h8=Q Ne2+ 37. Qxe2 Rf3+ 38. Qxf3 gxf3 39. Rh7+ Ke6 40. Qf6# 1-0

[Event "*** MasterClass Titled Tuesday Blitz"]
[Site "Chess.com"]
[Date "2017.10.03"]
[Round "3"]
[White "Mistheoretical"]
[Black "WanderingPuppet"]
[Result "0-1"]
[WhiteElo "2196"]
[BlackElo "2320"]
[TimeControl "180+2"]
[EndTime "13:35:50 PDT"]
[Termination "WanderingPuppet won on time"]

1. d4 Nf6 2. Bg5 d5 3. Bxf6 gxf6 4. e3 c5 5. Nc3 Nc6 6. Bb5 e6 7. Qh5 Bd7 8. Nge2 f5 9. O-O Qf6 10. dxc5 Bxc5 11. Rad1 O-O-O 12. Ba4 Rhg8 13. Kh1 Rg4 14. h3 Rh4 15. Qf3 Ne5 16. Bxd7+ Rxd7 17. Qg3 Bd6 18.
Nf4 Ng6 19. Nce2 Rd8 20. Qh2 Ne5 21. g3 Rh6 22. h4 Rg8 23. Ng1 Ng6 24. Nxg6 hxg6 25.
Nf3 g5 26. Kg1 gxh4 27. Nxh4 Rxh4 0-1

[Event "*** MasterClass Titled Tuesday Blitz"]
[Site "Chess.com"]
[Date "2017.10.03"]
[Round "3"]
[White "TomsKantans"]
[Black "igorkovalenko"]
[Result "0-1"]
[WhiteElo "2412"]
[BlackElo "2728"]
[TimeControl "180+2"]
[EndTime "13:35:53 PDT"]
[Termination "igorkovalenko won by resignation"]

1. e4 e6 2. c4 c5 3. Nc3 Nc6 4. Nf3 Nf6 5. Be2 Ng4 6. O-O Bd6 7. h3 Nge5 8. d3 Nxf3+ 9. Bxf3 Be5 10. Be3 d6 11. Qd2 a6 12. Rab1 Rb8 13. a3 Qf6 14. Bh5 h6 15. f4 Bd4 16. Ne2 Bxe3+ 17. Qxe3 g6 18. Bf3 Nd4 19. e5 dxe5 20. fxe5 Qg5 21. Qxg5 Nxe2+ 22. Bxe2 hxg5 23. b4 cxb4 24. axb4 Ke7 25.
Rf3 Bd7 26. Rbf1 Be8 27. Rg3 Rh4 28. Rxg5 b5 29. Rb1 bxc4 30. dxc4 Re4 31. Bf1 Re3 32.
Kf2 Ra3 33. Rg3 Ra2+ 34. Ke3 Bc6 35. Kd4 Rd8+ 36. Kc5 Be4 37. Re1 Rc8+ 38. Kb6 Rb8+ 39. Kc5 Rc8+ 40. Kd4 Bb7 41. Re2 Ra1 42. Rf2 Rd1+ 43.
Kc3 Re1 44. Rg5 Re3+ 45. Kb2 Rb8 46. Kc1 Bc6 47. Rb2 Re1+ 0-1

[Event "*** MasterClass Titled Tuesday Blitz"]
[Site "Chess.com"]
[Date "2017.10.03"]
[Round "3"]
[White "pultineviciuspaulius"]
[Black "gmcorrales"]
[Result "0-1"]
[WhiteElo "2429"]
[BlackElo "2651"]
[TimeControl "180+2"]
[EndTime "13:35:58 PDT"]
[Termination "gmcorrales won by resignation"]

1. Nf3 c6 2. g3 d5 3. Bg2 Nf6 4. O-O g6 5. d4 Bg7 6. c4 O-O 7. b3 a5 8. Nc3 Ne4 9. Bb2 Nxc3 10. Bxc3 a4 11. e3 a3 12. Qe2 dxc4 13. bxc4 c5 14.
Rfd1 Nc6 15. Rab1 cxd4 16. exd4 Qc7 17. Ne5 Nxe5 18. dxe5 Ra4 19. Rb4 Rxb4 20. Bxb4 Be6 21.
Bxa3 Ra8 22. Bb4 Bxe5 23. Rc1 Ra4 24. a3 Ra8 25. c5 Bf6 26. c6 Rd8 27. Qe3 bxc6 28.
Bxc6 Bd4 29. Qe1 Rc8 30. Ba5 Qa7 31. Bb4 Bd7 32. Bxd7 Bxf2+ 33. Qxf2 Rxc1+ 34. Kg2 Qxd7 35. Qf4 Rc2+ 0-1

[Event "*** MasterClass Titled Tuesday Blitz"]
[Site "Chess.com"]
[Date "2017.10.03"]
[Round "3"]
[White "SabinaFoisor"]
[Black "Bryakin_Mikhail"]
[Result "0-1"]
[WhiteElo "2281"]
[BlackElo "2493"]
[TimeControl "180+2"]
[EndTime "13:36:05 PDT"]
[Termination "Bryakin_Mikhail won by resignation"]

1. d4 d5 2. c4 c6 3. Nf3 Nf6 4. Nbd2 a6 5. e3 b5 6. b3 Bf5 7. Be2 e6 8. c5 Nbd7 9. O-O a5 10. Nh4 Be4 11. f3 Bg6 12. Nxg6 hxg6 13. e4 e5 14. exd5 Nxd5 15. Ne4 Be7 16. dxe5 Nxc5 17. Nd6+ Bxd6 18.
exd6 Qxd6 19. f4 O-O 20. Bb2 Qe6 21. Qd4 Qe3+ 22. Qxe3 Nxe3 23. Bd4 Nxf1 24. Bxc5 Nd2 25. Bxf8 Kxf8 26. Rc1 Re8 27. Kf2 Ne4+ 28. Kf3 Re6 29. Bd3 Nf6 30. f5 Rd6 31. Bb1 g5 32. g4 Ke7 33. Be4 Nxe4 34. Kxe4 Rh6 35. Rc2 Kd6 36.
a4 Rh4 37. axb5 Rxg4+ 38. Ke3 cxb5 39. Ra2 a4 40. bxa4 bxa4 41. h3 Rh4 42. Kf2 Ke5 43.
Kg3 Kxf5 0-1

[Event "*** MasterClass Titled Tuesday Blitz"]
[Site "Chess.com"]
[Date "2017.10.03"]
[Round "3"]
[White "r31415"]
[Black "TrickyTrapChess"]
[Result "0-1"]
[WhiteElo "2172"]
[BlackElo "2298"]
[TimeControl "180+2"]
[EndTime "13:36:07 PDT"]
[Termination "TrickyTrapChess won by checkmate"]

1. e4 e6 2. d4 d5 3. Nc3 Nf6 4. e5 Nfd7 5. f4 c5 6. Nf3 a6 7.
Be3 Nc6 8. Qd2 b5 9. dxc5 Bxc5 10. Bxc5 Nxc5 11. Qf2 Qb6 12. Bd3 b4 13. Ne2 a5 14.
O-O Ba6 15. Rfd1 O-O 16. Rac1 Rac8 17. Kf1 Ne7 18. Qe3 Bxd3 19. cxd3 Nf5 20. Qd2 b3 21. a3 Na4 22. d4 Nxb2 23. Qxb2 Ne3+ 24. Ke1 Rxc1 25.
Rxc1 Nc4 26. Qc3 Nxa3 27. Nd2 b2 28. Rd1 b1=Q 29. Nxb1 Nxb1 30. Qd3 Rb8 31. Kf2 a4 32. Nc1 a3 33. Kf3 Qb2 34. Qa6 Nc3 35. Qa7 Nxd1 36. Nd3 Qb3 37. Kg4 a2 38. Nc5 a1=Q 39. Qxa1 Ne3+ 40. Kh5 Qc2 41. Qa7 Qe2+ 42. g4 Qxg4# 0-1

[Event "*** MasterClass Titled Tuesday Blitz"]
[Site "Chess.com"]
[Date "2017.10.03"]
[Round "3"]
[White "amaidel"]
[Black "MyleneFarmer"]
[Result "1-0"]
[WhiteElo "2463"]
[BlackElo "2422"]
[TimeControl "180+2"]
[EndTime "13:36:28 PDT"]
[Termination "amaidel won by resignation"]

1. e4 c5 2. Nf3 d6 3. d4 cxd4 4. Nxd4 Nf6 5. Nc3 g6 6. Be2 Bg7 7. O-O O-O 8. Re1 Nc6 9. Nb3 Be6 10. Bf1 d5 11. Nc5 d4 12. Nxe6 fxe6 13. Nb1 e5 14.
Bc4+ Kh8 15. Nd2 Na5 16. Bd3 Rc8 17. Nf3 Nh5 18. b3 Nf4 19. Bxf4 Rxf4 20. Nd2 Rc3 21. Qe2 Nc6 22. a3 a6 23. g3 Rf8 24. Kg2 Bh6 25. Nf3 Qd6 26. h4 Qf6 27. Rh1 Nd8 28. h5 g5 29. Nh2 Nf7 30. Ng4 Qc6 31. Bc4 b5 32. Bd5 Qd6 33. Bxf7 Rxf7 34. Rad1 Bf8 35. Rd3 Rc5 36. b4 Rc4 37. h6 e6 38. Rf3 Rxf3 39.
Qxf3 Qe7 40. Nxe5 Rxc2 41. Nf7+ Kg8 42. Rh5 Qxf7 43. Rxg5+ Qg6 44. Rxg6+ hxg6 45. h7+ Kxh7 46. Qxf8 d3 47. Qe7+ Kh6 48. Qxe6 d2 49. Qd5 Kg7 50.
e5 Kf8 51. Qd7 Kg8 52. e6 d1=Q 53. Qxd1 Rxf2+ 54. Kxf2 Kf8 55. Qd7 1-0

[Event "*** MasterClass Titled Tuesday Blitz"]
[Site "Chess.com"]
[Date "2017.10.03"]
[Round "3"]
[White "Masterbeaterr"]
[Black "HanSchut"]
[Result "1-0"]
[WhiteElo "2297"]
[BlackElo "2209"]
[TimeControl "180+2"]
[EndTime "13:36:33 PDT"]
[Termination "Masterbeaterr won by checkmate"]

1. Nf3 Nf6 2. g3 g6 3. Bg2 Bg7 4. O-O O-O 5. d3 d5 6. c3 c5 7.
a3 Nc6 8. b4 cxb4 9. axb4 b5 10.
Bb2 Nd7 11. Qc2 Bb7 12. Nbd2 Rc8 13. Qb3 Nb6 14. Rfc1 Na4 15. Rxa4 bxa4 16. Qxa4 a6 17. Nb3 Ra8 18. Nc5 Bc8 19. Qxc6 Rb8 20. Nd4 e5 21. Ndb3 d4 22. cxd4 exd4 23. Qa4 Qe7 24. Bf3 g5 25. Bxd4 g4 26. Bxg7 Kxg7 27. Be4 f5 28. Bg2 Qxe2 29. Qa1+ Kg6 30. Re1 Qc2 31. Nd4 Qd2 32. Nde6 Bxe6 33.
Nxe6 Rf7 34. Nf4+ Kh6 35. Qxa6+ Kg5 36. h4+ gxh3 37. Nxh3+ Kg4 38. Qe6 Qxb4 39. Kh2 Qf8 40. Re4+ Kh5 41. Rh4# 1-0

[Event "*** MasterClass Titled Tuesday Blitz"]
[Site "Chess.com"]
[Date "2017.10.03"]
[Round "3"]
[White "Morf1us"]
[Black "Angry_Serb"]
[Result "1/2-1/2"]
[WhiteElo "2425"]
[BlackElo "2396"]
[TimeControl "180+2"]
[EndTime "13:36:40 PDT"]
[Termination "Game drawn by agreement"]

1. e4 e5 2. Nf3 d6 3. d4 exd4 4. Nxd4 Nf6 5. Nc3 Be7 6. g3 Bg4 7. f3 Bd7 8. Bg2 Nc6 9. Be3 O-O 10. Qd2 Nxd4 11. Bxd4 c5 12. Be3 Bc6 13. Rd1 b5 14. O-O b4 15. Nd5 Nxd5 16. exd5 Bb5 17. Rfe1 Bf6 18.
c3 bxc3 19. bxc3 Qa5 20. Rc1 Bc4 21. Rc2 Rfe8 22. Bf1 Qa6 23. Bf4 Bxf1 24. Rxf1 Qc4 25.
Rd1 Rad8 26. Qd3 Qxd3 27. Rxd3 c4 28. Re3 g5 29. Rxe8+ Rxe8 30. Bxd6 Rd8 31. Bc5 Rxd5 32. Bxa7 Rd3 33. Bd4 Bxd4+ 34. cxd4 Rxd4 35. Kf2 Rd3 36. a4 c3 37. h4 gxh4 38. gxh4 Rd4 39. Kg3 Rxa4 40.
Rxc3 Kg7 41. Rc6 1/2-1/2

[Event "*** MasterClass Titled Tuesday Blitz"]
[Site "Chess.com"]
[Date "2017.10.03"]
[Round "3"]
[White "Abdodi"]
[Black "Superfelix"]
[Result "0-1"]
[WhiteElo "2155"]
[BlackElo "2286"]
[TimeControl "180+2"]
[EndTime "13:36:40 PDT"]
[Termination "Superfelix won by resignation"]

1. d4 g6 2. Nd2 Bg7 3. Ngf3 d5 4.
c4 Nc6 5. e3 Nf6 6. b3 O-O 7.
Bb2 Re8 8. Be2 Bf5 9. cxd5 Nb4 10. O-O Nbxd5 11. a3 a5 12. Rc1 c6 13. Ne5 Ne4 14.
Nxe4 Bxe4 15. Nd3 Bxd3 16. Bxd3 e5 17. dxe5 Bxe5 18. Bxe5 Rxe5 19. Bc4 Qe7 20. Qf3 Rf8 21. a4 Kg7 22. Rfd1 Nf6 23. Rd4 Rd8 24. Rcd1 Rxd4 25.
Rxd4 Qc5 26. h3 h5 27. Rf4 Qd6 28. Rd4 Qc5 29. Rf4 Qe7 30. Qd1 b5 31. axb5 cxb5 32. Bf1 Nd5 33. Rd4 Nb4 34. Rd6 a4 35. bxa4 bxa4 36.
Rd7 Qc5 37. Qd4 a3 38. Qxc5 Rxc5 39. Ra7 a2 0-1

[Event "*** MasterClass Titled Tuesday Blitz"]
[Site "Chess.com"]
[Date "2017.10.03"]
[Round "3"]
[White "XiaoKangZhong"]
[Black "BillCoe"]
[Result "1-0"]
[WhiteElo "1996"]
[BlackElo "1951"]
[TimeControl "180+2"]
[EndTime "13:36:44 PDT"]
[Termination "XiaoKangZhong won by resignation"]

1. e4 c5 2. Nf3 e6 3. c3 g6 4. d4 cxd4 5. cxd4 Bg7 6. Bd3 Ne7 7. O-O d6 8. Nc3 O-O 9. Qe2 a6 10. Bf4 Nbc6 11. Rac1 e5 12. dxe5 dxe5 13. Bd2 Bg4 14. Rfd1 Nd4 15. Qe3 Nxf3+ 16. gxf3 Bh3 17. Ne2 Rc8 18. Bb4 Nc6 19. Bxf8 Bxf8 20. Bxa6 Qh4 21. Bxb7 Bh6 22. Qb3 Bxc1 23. Bxc8 Bxc8 24. Rxc1 Qg5+ 25. Kh1 Be6 26. Qe3 Qxe3 27. fxe3 Nb4 28. a3 Nd3 29. Rc2 Ne1 30. Rc1 Nxf3 31. b4 Nd2 32. b5 Nxe4 33. b6 Bd5 34. Rc8+ Kg7 35. Kg1 Kf6 36. Rc7 Ke6 37. b7 Bxb7 38. Rxb7 Nd2 39.
a4 h5 40. a5 Nc4 41. a6 Nxe3 42. a7 1-0

[Event "*** MasterClass Titled Tuesday Blitz"]
[Site "Chess.com"]
[Date "2017.10.03"]
[Round "3"]
[White "yurisolo"]
[Black "josiwales"]
[Result "0-1"]
[WhiteElo "2520"]
[BlackElo "2350"]
[TimeControl "180+2"]
[EndTime "13:36:46 PDT"]
[Termination "josiwales won by resignation"]

1. e4 c5 2. Nf3 Nc6 3. Bb5 g6 4. Bxc6 dxc6 5. d3 Bg7 6. h3 Nh6 7. Nc3 O-O 8. Be3 f5 9. Bxc5 b6 10. Be3 f4 11. Bd2 c5 12. Qc1 e5 13. Nd5 Be6 14.
c4 g5 15. b4 Nf7 16. bxc5 bxc5 17. Qa3 Qd6 18. Rb1 Rfb8 19. O-O g4 20. hxg4 Bxg4 21.
Nh4 Ng5 22. f3 Qh6 23. Ne7+ Kh8 24. Nhf5 Bxf5 25. Rxb8+ Rxb8 26. Nxf5 Qb6 27. Bc3 Bf6 28. Kh2 Rg8 29. Rf2 Qc7 30. Qb2 Ne6 31. Kg1 h5 32. Kf1 h4 33. Ke2 Nd4+ 34. Bxd4 exd4 35. Rf1 Rb8 36. Qc2 Rg8 37. Kf2 Qh7 38. Rh1 Qg6 39.
Qe2 Qxg2+ 40. Ke1 Qxh1+ 41. Qf1 Rg1 0-1

[Event "*** MasterClass Titled Tuesday Blitz"]
[Site "Chess.com"]
[Date "2017.10.03"]
[Round "3"]
[White "XeresLt"]
[Black "Aygehovit1992"]
[Result "0-1"]
[WhiteElo "2261"]
[BlackElo "2440"]
[TimeControl "180+2"]
[EndTime "13:36:46 PDT"]
[Termination "Aygehovit1992 won by resignation"]

1. e4 d6 2. d4 Nf6 3. Nc3 g6 4. Be3 Bg7 5. h3 c6 6. a4 Nbd7 7. Bc4 Qc7 8. f3 O-O 9. g4 d5 10. Bf1 e5 11. exd5 exd4 12. Bxd4 Re8+ 13. Be2 Ne5 14. Kf1 b6 15. dxc6 Nxc6 16. Bf2 Be6 17.
Kg2 Rad8 18. Qc1 Nd5 19. Bg3 Qb7 20. Nxd5 Bxd5 21. Bb5 Nd4 22. Bxe8 Bxf3+ 23. Kh2 Bxh1 24. Bxf7+ Kxf7 25. Qf1+ Kg8 26. Rd1 Rf8 27. Qc4+ Kh8 28. Rd2 Bd5 29. Qb4 Nf3+ 30. Nxf3 Bxf3 31. Rf2 h6 32.
Bd6 Rf7 33. a5 Qd7 34. axb6 axb6 35. Qxb6 Kh7 36. Bg3 Qd1 37. Bb8 Qh1+ 38. Kg3 Qg1+ 39.
Kh4 Bf6+ 0-1

[Event "*** MasterClass Titled Tuesday Blitz"]
[Site "Chess.com"]
[Date "2017.10.03"]
[Round "3"]
[White "Krasimir_Rusev"]
[Black "GM_dmitrij"]
[Result "0-1"]
[WhiteElo "2531"]
[BlackElo "2667"]
[TimeControl "180+2"]
[EndTime "13:36:48 PDT"]
[Termination "GM_dmitrij won by resignation"]

1. d4 d5 2. Bf4 Nf6 3. e3 c5 4. Nf3 Nc6 5. Nbd2 Qb6 6. dxc5 Qxb2 7. Rb1 Qa3 8. Bb5 Qxc5 9. O-O e6 10. c4 Be7 11.
Nb3 Qa3 12. Ne5 a6 13. Nxc6 axb5 14. Nxe7 Qxe7 15. c5 Ne4 16. f3 Nc3 17. Qd3 Nxb1 18. Bd6 Qf6 19. Rxb1 Bd7 20. Nd4 Rxa2 21. f4 Qg6 22.
Qxg6 hxg6 23. h3 Bc6 24. Nxb5 d4 25. Nxd4 Rxg2+ 26. Kf1 Rh2 27. Nxc6 Rh1+ 28. Kg2 Rxb1 29. Nd4 Kd7 30. Nf3 f6 31. Nd4 b5 32. Kf3 b4 33. Ke4 b3 34. Kd3 Rxh3 35. Bf8 Ke8 36.
c6 Kxf8 37. c7 Rd1+ 38. Ke4 Rc1 39. Nxe6+ Ke7 40. Kd5 Rxc7 41. Nxc7 b2 0-1

[Event "*** MasterClass Titled Tuesday Blitz"]
[Site "Chess.com"]
[Date "2017.10.03"]
[Round "3"]
[White "MartinMatthiesen"]
[Black "Laico"]
[Result "0-1"]
[WhiteElo "2328"]
[BlackElo "2136"]
[TimeControl "180+2"]
[EndTime "13:36:52 PDT"]
[Termination "Laico won by resignation"]

1. d4 e6 2. c4 f5 3. Nf3 b6 4. g3 Bb7 5. Bg2 Nf6 6. O-O Be7 7. Nc3 Ne4 8. Qc2 Nxc3 9. Qxc3 Be4 10. Ne5 Bxg2 11.
Kxg2 O-O 12. b3 Qe8 13. Bb2 d6 14. Nd3 Nd7 15. Rae1 c5 16. Qd2 Bf6 17. dxc5 Bxb2 18. Nxb2 dxc5 19. Rd1 Nf6 20. Na4 Qc6+ 21. f3 Rad8 22.
Qxd8 Rxd8 23. Rxd8+ Kf7 24. Rfd1 e5 25. R8d6 Qb7 26.
Nc3 e4 27. Nd5 exf3+ 28. exf3 Nxd5 29. cxd5 Qa6 30. Rd2 Ke7 31. Re6+ Kd7 32. d6 Qa5 33. Re7+ Kd8 34. Ree2 Kd7 35. Rd3 b5 36. Re7+ Kd8 37.
d7 Kxe7 38. d8=Q+ Qxd8 39. Rxd8 Kxd8 40. Kf2 Kd7 41. Ke3 Kd6 42. Kd3 Kd5 43. Kc3 a5 0-1

[Event "*** MasterClass Titled Tuesday Blitz"]
[Site "Chess.com"]
[Date "2017.10.03"]
[Round "3"]
[White "fidetrainerNET"]
[Black "2L8IWUN"]
[Result "1-0"]
[WhiteElo "2079"]
[BlackElo "1799"]
[TimeControl "180+2"]
[EndTime "13:36:52 PDT"]
[Termination "fidetrainerNET won by resignation"]

1. d4 Nf6 2. Nf3 d5 3. c4 e6 4. Nc3 Nbd7 5. Bg5 c6 6. e3 Qa5 7. cxd5 Nxd5 8. Qb3 h6 9. Bh4 Bb4 10. Rc1 b6 11. Bd3 Ba6 12. Qc2 Bxd3 13. Qxd3 c5 14. O-O Bxc3 15. bxc3 Qxa2 16. e4 Nf4 17. Qb5 Ne2+ 18.
Kh1 Nxc1 19. Ne5 O-O 20. Nxd7 Qe2 21. Qxe2 Nxe2 22. Nxf8 Kxf8 23. dxc5 bxc5 24. f3 Nxc3 25. Rc1 Rb8 26. Bf2 Na4 27. Rc4 Rb1+ 28. Bg1 Nb2 29. Rxc5 Nd3 30. Rc2 a5 31. g3 a4 32. Rc3 Rb3 33. Rc8+ Ke7 34. Ra8 a3 35. Bd4 Nb4 36. Bxg7 a2 37. Kg2 Rb1 38. Bf8+ Kf6 39. Bxb4 a1=Q 40.
Rxa1 Rxb4 41. Ra2 Rb3 42. Kf2 Kg6 43. h4 Rb4 44. Ra5 h5 45. Ke3 Rb3+ 46. Kf4 f6 47. e5 Rb4+ 48. Ke3 f5 49. Ra6 Kf7 50. Ra7+ Kg6 51. Re7 Rb6 52. Kd4 Rc6 53. Re8 Kh6 54. Rf8 Kg6 55. Rf6+ Kg7 56. Ke3 Rc3+ 57. Kf4 Rc6 58.
Kg5 1-0

[Event "*** MasterClass Titled Tuesday Blitz"]
[Site "Chess.com"]
[Date "2017.10.03"]
[Round "3"]
[White "livestrong04"]
[Black "maciek_92"]
[Result "1-0"]
[WhiteElo "2363"]
[BlackElo "2520"]
[TimeControl "180+2"]
[EndTime "13:36:53 PDT"]
[Termination "livestrong04 won by resignation"]

1. e4 c5 2. c3 Nf6 3. e5 Nd5 4. d4 cxd4 5. Nf3 Nc6 6. cxd4 e6 7. Bc4 d6 8. O-O Be7 9. Qe2 O-O 10. Bd2 Bd7 11. Nc3 Nxc3 12. Bxc3 Rc8 13. Rad1 a6 14. d5 exd5 15. Bxd5 dxe5 16. Bxc6 Rxc6 17. Nxe5 Rd6 18. Rxd6 Bxd6 19. Rd1 Qe7 20. Bb4 Bxb4 21. Rxd7 Qe6 22.
Qc4 Qxe5 23. Qxb4 b5 24. h3 g6 25. Qd4 Qe1+ 26. Kh2 Qe6 27. Rd6 Qxa2 28. b4 h5 29. Qf6 Qc4 30. Rd4 Qc3 31. g4 h4 32. g5 Re8 33. Kg2 Qa1 34. Rd8 Rxd8 35. Qxa1 Rd5 36. f4 Rd6 37. Kf3 Re6 38. Kg4 1-0

[Event "*** MasterClass Titled Tuesday Blitz"]
[Site "Chess.com"]
[Date "2017.10.03"]
[Round "3"]
[White "Kouzari"]
[Black "mazetofonias"]
[Result "0-1"]
[WhiteElo "2533"]
[BlackElo "2491"]
[TimeControl "180+2"]
[EndTime "13:36:54 PDT"]
[Termination "mazetofonias won by resignation"]

1. d4 Nf6 2. c4 e6 3. Nc3 Bb4 4. g3 O-O 5. Bg2 d6 6. Nf3 Bxc3+ 7. bxc3 Nbd7 8. O-O e5 9. Rb1 h6 10. Nd2 Rb8 11.
e4 c5 12. f4 Re8 13. fxe5 dxe5 14. d5 Rf8 15. a4 Ne8 16. Nb3 Nd6 17. Qd3 b6 18.
Be3 Ba6 19. Nd2 Bc8 20. Rf2 Nf6 21. h3 Nh7 22. Rbf1 Ng5 23. Kh2 Qd7 24. a5 Nxh3 25. Rf5 Nxf5 26. exf5 Ng5 27. Bxg5 hxg5 28. f6 g6 29. Ne4 Qg4 30. Qe3 bxa5 31. Rf2 Qh5+ 32. Kg1 Rb1+ 33. Bf1 Bh3 34. Nd2 Rc1 35. Qxe5 Qg4 36.
d6 Rd1 37. d7 Bxf1 38. Nxf1 Rxd7 39. Ne3 Qh5 40. Rh2 Rd1+ 41. Nxd1 Qxd1+ 42. Kg2 Rd8 43. Qxg5 Rd2+ 44. Kh3 Rxh2+ 45. Kxh2 Qh5+ 46. Qxh5 gxh5 47. Kh3 a4 48. Kh4 a3 49. Kg5 a2 50. Kh6 a1=Q 51.
g4 hxg4 0-1